Map: Overgrown Facility

Players

MonstroTown - Winner!

  • Race: Terran Terran
  • Spawn Location: 7:00

Michael - Winner!

  • Race: Zerg Zerg
  • League: Gold
  • Spawn Location: 9:00

Nimrodel

  • Race: Zerg Zerg
  • Spawn Location: 1:00

defrost

  • Race: Terran Terran
  • Spawn Location: 3:00

VOD

Have the link to the VOD?

Description

Time

  • Played on: Sept. 16, 2018, 10:46 a.m.
  • Length: 9:54
Show
View Real Time Build Order
Export as new Build Order

MonstroTown Terran - Winner!

Build Orders:  

Get SALT Encoding   

  12  0:01  SCV  
  13  0:13  SCV  
  14  0:18  Supply Depot  
  14  0:25  SCV  
  15  0:39  SCV  
  15  0:41  Barracks  
  16  0:51  SCV  
  17  1:04  SCV  
  18  1:09  Barracks  
  18  1:16  SCV  
  19  1:28  SCV  
  20  1:34  Supply Depot, Marine  
  21  1:42  SCV  
  22  1:51  Command Center  
  22  1:54  Marine  
  22  1:59  Marine  
  24  2:03  Refinery  
  24  2:12  Orbital Command  
  24  2:25  Bunker, Marine  
  24  2:26  Marine  
  25  2:39  SCV  
  26  2:51  Marine x2  
  26  2:56  Supply Depot  
  28  3:17  Orbital Command  
  28  3:23  Barracks  
  28  3:24  Barracks  
  28  3:28  Factory  
  28  3:31  Barracks Tech Lab  
  28  3:44  SCV  
  28  3:45  SCV  
  30  3:52  Marauder  
  32  3:57  Refinery  
  32  3:59  SCV x2  
  34  4:11  SCV  
  34  4:14  Stimpack  
  34  4:16  Marine x3  
  38  4:19  SCV  
  38  4:23  SCV  
  40  4:24  Marine  
  40  4:26  Hellion  
  43  4:32  SCV  
  43  4:35  SCV  
  43  4:36  Barracks Reactor, Marine x2  
  47  4:40  Supply Depot  
  47  4:46  Marauder  
  47  4:50  SCV x2  
  51  4:53  Marine, Refinery  
  51  4:59  Hellion  
  54  5:01  Marine  
  54  5:04  Supply Depot  
  54  5:05  SCV x2  
  57  5:08  Marauder  
  57  5:11  Marine  
  60  5:17  SCV, Starport  
  60  5:19  Marine  
  60  5:20  Engineering Bay  
  62  5:25  Marine  
  62  5:26  Hellion  
  62  5:28  SCV  
  66  5:39  Supply Depot  
  66  5:40  Supply Depot  
  66  6:00  Marauder, Marine x3  
  68  6:20  Marine  
  68  6:21  Marine x3  
  68  6:22  Marauder, Factory Tech Lab  
  68  6:25  Starport Tech Lab  
  74  6:38  Marine  
  71  6:41  Marine x2  
  71  6:42  Marine  
  71  6:43  Siege Tank, Marauder  
  71  6:44  Banshee  
  73  6:56  Marine  
  73  6:59  Marine  
  73  7:00  Marine x2  
  73  7:04  Marauder  
  73  7:09  Supply Depot  
  73  7:14  Marine  
  74  7:17  Marine x2  
  74  7:18  Marine  
  77  7:23  Command Center  
  77  7:26  Marauder  
  78  7:32  Marine  
  78  7:35  Marine x2  
  81  7:46  Banshee  
  81  7:47  Marauder  
  81  7:48  Marine  
  81  7:49  Marine  
  88  8:03  Barracks x2  
  88  8:05  Barracks  
  88  8:12  Marine x2  
  88  8:13  Marine x3  
  93  8:20  Supply Depot  
  93  8:22  Siege Tank  
  96  8:29  Medivac  
  96  8:30  Marine x3  
  101  8:35  Marauder  
  103  8:42  Supply Depot x2  
  103  8:45  Orbital Command  
  88  9:24  Marine x5  
  88  9:25  Marine x3  
  88  9:26  SCV  
  88  9:27  SCV  
  98  9:33  Armory  
  98  9:34  Engineering Bay  
Show
View Real Time Build Order
Export as new Build Order

Michael Zerg - Winner!

Build Orders: Hatch First 

Get SALT Encoding   

  12  0:01  Drone  
  13  0:13  Overlord  
  13  0:18  Drone  
  14  0:31  Drone x2  
  14  0:35  Drone  
  17  0:45  Drone  
  18  0:57  Hatchery  
  18  1:00  Drone  
  18  1:04  Extractor  
  17  1:16  Spawning Pool  
  16  1:19  Drone  
  16  1:23  Drone  
  18  1:28  Drone  
  19  1:41  Drone  
  20  1:49  Overlord  
  20  2:03  Queen  
  20  2:06  Metabolic Boost  
  22  2:09  Queen  
  22  2:11  Zergling x2  
  22  2:14  Zergling x2  
  26  2:19  Zergling x2  
  27  2:28  Drone, Spine Crawler  
  27  2:32  Drone  
  28  2:37  Zergling x2  
  28  2:39  Zergling x2  
  30  2:49  Queen  
  32  2:53  Drone  
  33  3:05  Roach Warren, Drone  
  32  3:18  Drone x3  
  34  3:32  Extractor, Lair  
  33  3:38  Evolution Chamber  
  33  3:40  Drone  
  33  3:42  Drone  
  33  3:43  Spine Crawler  
  33  3:45  Drone  
  33  3:48  Drone  
  35  3:54  Overlord  
  35  4:00  Overlord  
  35  4:12  Zerg Ground Armor Level 1  
  35  4:13  Roach  
  35  4:16  Roach  
  43  4:24  Roach x2  
  43  4:35  Drone x2  
  43  4:37  Drone x2  
  43  4:38  Drone  
  48  4:39  Drone  
  48  4:41  Drone  
  48  4:44  Drone  
  51  4:48  Glial Reconstitution  
  51  4:59  Overlord x2  
  51  5:16  Overlord  
  51  5:17  Hatchery  
  51  5:19  Roach  
  52  5:29  Drone  
  52  5:30  Drone x4  
  52  5:35  Extractor x2  
  56  5:42  Roach x3  
  61  5:52  Roach  
  61  5:53  Roach x2  
  62  6:05  Roach x4  
  70  6:17  Roach x3  
  76  6:26  Overlord x3  
  76  6:32  Queen  
  78  6:39  Drone, Spire  
  78  6:41  Drone  
  78  6:42  Drone  
  80  6:50  Zerg Missile Weapons Level 1  
  80  6:51  Roach  
  80  6:52  Roach  
  84  7:09  Roach  
  84  7:10  Roach x3  
  84  7:11  Roach  
  84  7:13  Zergling x6  
  84  7:15  Zergling x2  
  98  7:17  Zergling x2  
  98  7:26  Roach x3  
  104  7:39  Roach  
  104  7:44  Overlord x4  
  102  7:51  Queen  
  102  7:53  Drone x2  
  105  8:06  Roach x4  
  113  8:16  Zergling x2  
  113  8:17  Zergling x4  
  116  8:23  Overseer  
  116  8:24  Overseer  
  116  8:28  Drone  
  116  8:29  Drone x2  
  116  8:31  Drone x6  
  125  8:44  Pneumatized Carapace  
  125  8:47  Queen  
  127  9:00  Hatchery  
  118  9:24  Roach x10  
  129  9:26  Overlord  
  129  9:27  Overlord  
Show
View Real Time Build Order
Export as new Build Order

Nimrodel Zerg 

Build Orders: Hatch First 

Get SALT Encoding   

  12  0:01  Drone  
  13  0:08  Drone  
  14  0:17  Overlord  
  14  0:36  Drone x3  
  17  0:47  Drone  
  18  0:59  Hatchery  
  18  1:02  Drone  
  18  1:18  Spawning Pool  
  17  1:19  Drone  
  17  1:23  Extractor  
  17  1:24  Drone  
  18  1:35  Overlord  
  18  1:47  Drone  
  19  1:57  Drone  
  20  2:06  Queen  
  22  2:09  Zergling x2  
  22  2:12  Queen  
  22  2:13  Zergling x2  
  26  2:20  Zergling x2  
  27  2:26  Drone  
  27  2:28  Zergling x2  
  29  2:37  Drone  
  29  2:39  Overlord  
  29  2:40  Metabolic Boost  
  30  2:45  Queen  
  30  2:47  Drone  
  33  2:53  Drone  
  33  2:57  Drone  
  35  3:06  Spore Crawler  
  35  3:07  Roach Warren  
  33  3:19  Zergling x6  
  36  3:29  Drone  
  36  3:30  Drone x2, Zergling x2  
  40  3:38  Drone x2, Spore Crawler  
  40  3:39  Drone  
  42  3:53  Hatchery  
  41  3:59  Queen  
  41  4:01  Drone  
  44  4:09  Extractor  
  43  4:25  Zergling x2  
  44  4:33  Overlord  
  44  4:50  Overlord x2  
  44  4:51  Overlord, Queen  
  46  4:56  Extractor  
  46  4:58  Extractor  
  44  5:02  Drone x5  
  44  5:03  Drone x2  
  44  5:05  Queen  
  44  5:06  Drone  
  54  5:21  Drone x4  
  54  5:22  Drone  
  54  5:23  Drone  
  54  5:24  Drone  
  61  5:30  Roach  
  61  5:31  Roach  
  65  5:37  Drone x3  
  65  5:41  Queen, Spore Crawler  
  64  5:53  Roach x3  
  64  5:54  Drone, Roach x2  
  64  5:56  Roach  
  63  6:07  Roach  
  63  6:11  Roach x2  
  66  6:24  Roach  
  53  6:26  Roach  
  53  6:27  Roach x2  
  33  7:01  Zergling x12  
  29  7:03  Roach x3  
  20  7:25  Roach x2  
Show
View Real Time Build Order
Export as new Build Order

defrost Terran 

Build Orders: Command Center First (CC) 

Get SALT Encoding   

  12  0:03  SCV  
  13  0:19  SCV  
  14  0:48  SCV  
  15  0:59  Command Center  
  15  1:01  Refinery  
  15  1:09  Supply Depot  
  15  1:30  SCV  
  15  1:31  Supply Depot  
  16  1:42  Barracks  
  16  1:46  Barracks  
  16  1:50  SCV  
  17  2:43  SCV  
  18  2:46  Barracks Tech Lab  
  18  2:47  Barracks Tech Lab  
  18  2:52  Orbital Command  
  18  2:56  SCV  
  19  3:05  Factory, Refinery  
  19  3:08  SCV  
  19  3:09  Marine x2  
  22  3:17  Combat Shields  
  22  3:22  Orbital Command  
  22  3:29  Marine x2  
  24  3:39  SCV  
  25  3:49  SCV  
  25  3:50  Factory Reactor  
  25  3:51  SCV  
  27  3:58  Starport  
  27  4:01  SCV, Marine  
  27  4:02  Marine  
  30  4:05  Concussive Shells  
  30  4:08  SCV  
  31  4:13  SCV  
  32  4:19  Marine  
  32  4:20  SCV, Marine  
  35  4:31  SCV  
  35  4:34  Factory Reactor  
  35  4:37  Marine x2  
  38  4:39  Supply Depot  
  38  4:42  Starport  
  38  4:46  Medivac  
  40  4:55  Marine  
  40  4:59  Refinery  
  41  5:00  SCV  
  41  5:01  SCV  
  41  5:02  Refinery  
  43  5:09  Supply Depot  
  43  5:21  Marauder  
  45  5:24  Command Center  
  45  5:28  Engineering Bay  
  45  5:39  Factory Tech Lab  
  45  5:40  Starport  
  45  5:57  Marauder x2  
  45  5:59  Medivac  
  45  6:00  Medivac  
  38  6:19  Marine x2  
  38  6:22  Siege Tank  
  38  6:25  Starport Reactor  
  43  6:37  Marine x2  
  43  6:39  Barracks  
  45  6:42  SCV  
  45  6:43  SCV  
  45  6:44  Supply Depot  
  47  6:55  Marine x2  
  47  6:56  Medivac x2  
  53  7:13  Marine x2  
  55  7:30  Marine  
  55  7:31  Marine  
  55  7:37  Marine  
  58  7:48  Marine x2  
  60  7:54  Marine  
  61  8:05  Medivac x3  
  63  8:06  Marine  
  63  8:07  Marauder  
  63  8:12  Marine  
  70  8:15  Siege Tank  
  74  8:24  Marine  
  75  8:27  Marine  
  75  8:32  Marine  
  77  8:42  Marauder  
  77  8:45  Marine  
  80  8:50  Marine  
  71  9:05  Marine  
  71  9:06  Marauder  
  71  9:08  Marine  
  59  9:23  Marauder  
Tags
 
Add a new tag
Caveats
  • Supply blocks, unpowered buildings, or Contaminate may cause inaccurate times.
  • Supply counts are checked every 10 seconds.